 Dungeon Crawl Stone Soup version 0.23-a0-644-gb60d84b (webtiles) character file.

86 Borgoz the Ruffian (level 4, -1/38 HPs)
             Began as a Ghoul Gladiator on Jan 1, 2019.
             Slain by an orc
             ... wielding a +0 mace of holy wrath
              (7 damage)
             ... on level 2 of the Dungeon.
             The game lasted 00:02:23 (987 turns).

Borgoz the Ruffian (Ghoul Gladiator)                 Turns: 987, Time: 00:02:23

Health: -1/38      AC:  9    Str: 17    XL:     4   Next: 49%
Magic:  3/3        EV:  8    Int:  3    God:
Gold:   121        SH:  0    Dex: 11    Spells: 3/3 levels left

rFire    . . .     SeeInvis .     - Unarmed
rCold    + . .     Gourm    .   (no shield)
rNeg     + + +     Faith    .   h - +0 chain mail
rPois    ∞         Spirit   .   b - +0 helmet
rElec    .         Reflect  .   (no cloak)
rCorr    .         Harm     .   (no gloves)
MR       .....                  (no boots)
Stlth    ..........             (no amulet)
HPRegen  0.00/turn              (no ring)
MPRegen  0.08/turn              (no ring)

@: very slightly contaminated, rotting, slowed, invisible, very slow
A: rotting body, claws 1, carnivore, cold resistance 1, negative energy
resistance 3, inhibited regeneration, torment resistance, unbreathing
a: no special abilities


You were on level 2 of the Dungeon.
You were not hungry.

You visited 1 branch of the dungeon, and saw 2 of its levels.

You collected 121 gold pieces.

Inventory:

Missiles
 c - 3 throwing nets (quivered)
Armour
 b - a +0 helmet (worn)
 h - a +0 chain mail (worn)
Jewellery
 g - a +5 amulet of reflection {unknown}
Scrolls
 a - a scroll of noise {unknown}
 e - a scroll of blinking {unknown}
 f - 3 scrolls of identify {unknown}
 i - a scroll of enchant armour {unknown}
 j - a scroll of fear {unknown}
 l - 4 scrolls of remove curse {unknown}
 n - a scroll of amnesia {unknown}
Potions
 m - a potion of invisibility
 o - a potion of resistance {unknown}
 p - 2 potions of curing {unknown}
Comestibles
 d - 4 rations
 k - 5 chunks of flesh


   Skills:
 * Level 3.3 Fighting
 - Level 1.7 Throwing
 + Level 1.1 Armour
 + Level 3.1 Dodging
 * Level 4.2 Unarmed Combat


You had 3 spell levels left.
You didn't know any spells.
Your spell library was empty.

Dungeon Overview and Level Annotations

Branches:
Dungeon (2/15)

Altars:


Innate Abilities, Weirdness & Mutations

Your body is rotting away.
You thrive on raw meat.
You are immune to poison.
You have sharp fingernails.
You are carnivorous and can eat meat at any time.
Your flesh is cold resistant. (rC+)
You are immune to negative energy. (rN+++)
You do not regenerate when monsters are visible.
You are immune to unholy pain and torment.
You can survive without breathing.


Message History

The kobold hits you but does no damage. x2
You are very lightly contaminated with residual magic.
You catch the helpless kobold completely off-guard!
You claw the kobold!
You kill the kobold!
You have reached level 4!
The orc wizard hits you with a +0 dagger.
You scratch the orc wizard.
The orc wizard is severely wounded.
The orc wizard barely misses you.
The orc wizard gestures at you while chanting.
The magic dart hits you!
You scratch the orc wizard.
You kill the orc wizard!
The orc barely misses you.
You barely miss the orc.
The orc hits you with a +0 mace of holy wrath.
* * * LOW HITPOINT WARNING * * *
You convulse!
You die...

#######. ... #. #
##.###. ######
..###...##. #. . #
#..#.. ......#.... .
#.#. #.##.# #...##. #
..... #.# .# ##.###.
####.#...#####.##.#
#.#####.###. ..
..........o.o@.#
#........... .
.##?..#...#.####
#######.###. # ###
#.#.#.# #÷# #. ?..#.#.#
#.# .
#..<#.#.#############.#
.#
...###.#....[..........#
........#
#.#.###############
#.##.### #...# # #....


You could see an orc priest and an orc.

Vanquished Creatures
  An orc wizard (D:2)
  Robin (D:2)
  A dart slug (D:1)
  A leopard gecko (D:2)
  An orc (D:2)
  A bat (D:1)
  2 giant cockroaches (D:2)
  17 goblins
  2 hobgoblins (D:2)
  A quokka (D:2)
  A frilled lizard (D:2)
  5 kobolds
  2 rats (D:1)
36 creatures vanquished.

Notes
Turn   | Place    | Note
-------+----------+-------------------------------------------
     0 | D:1      | Borgoz the Ghoul Gladiator began the quest for the Orb.
     0 | D:1      | Reached XP level 1. HP: 17/17 MP: 0/0
   205 | D:1      | Reached XP level 2. HP: 14/25 MP: 1/1
   784 | D:2      | Noticed Robin
   794 | D:2      | Reached XP level 3. HP: 30/30 MP: 2/2
   853 | D:2      | Killed Robin
   853 | D:2      | Reached skill level 4 in Unarmed Combat
   918 | D:2      | Reached skill level 1 in Armour
   984 | D:2      | Reached XP level 4. HP: 15/38 MP: 3/3
   987 | D:2      | Slain by an orc

Vault maps used:
D:1:      giann_bridges, minivault_4
D:2:      xom_redecorated, first_ration, minmay_crystal_water, minmay_ruptured,
          uniq_robin

Skill      XL: |  1  2  3 |
---------------+----------+-----
Dodging        | 3 |  3.1
Fighting       | 3 |  3.3
Unarmed Combat | 4 |  4.2
Armour         | 1 |  1.1
Throwing       | |  1.7

Action                   |  1- 3 |  4- 6 || total
-------------------------+-------+-------++-------
Melee: Unarmed           |   123 |     3 ||   126
       Punch             |     1 |       ||     1
  Use: Potion            |     2 |       ||     2
 Stab: Invisible         |     1 |       ||     1
  Eat: Chunk             |    15 |       ||    15
Armor: Leather armour    |    10 |       ||    10
       Chain mail        |    59 |       ||    59
Dodge: Dodged            |    45 |     2 ||    47

Table legend:
 A = Non-vault XP
 B = Vault XP
 C = Vault XP percentage of total XP
 D = Non-vault monster count
 E = Vault monster count
 F = Vault count percentage of total count
                 A         B        C        D         E       F
            +---------+---------+-------+---------+---------+-------
      Total |      72 |      51 |  41.5 |      18 |      18 |  50.0
            +---------+---------+-------+---------+---------+-------
        D:1 |      17 |       0 |   0.0 |      10 |       0 |   0.0
        D:2 |      55 |      51 |  48.1 |       8 |      18 |  69.2
            +---------+---------+-------+---------+---------+-------
